[Event "Titled Tuesday Blitz December 27 Late 2022"]
[White "Butolo, Alexandru-Mircea"]
[Black "Wu, Brandon"]
[WhiteFideId "1261649"]
[BlackFideId "30909228"]
[WhiteElo "2033"]
[BlackElo "2123"]
[Result "0-1"]
[Round "01"]
[TimeControl "180+2"]
[Date "2022.12.27"]
[WhiteClock "0:00:06"]
[BlackClock "0:01:05"]

1. e4 c6 2. Nf3 d5 3. Nc3 Bg4 4. h3 Bxf3 5. Qxf3 e6 6. exd5 cxd5 7. Bb5+ Nc6 8. O-O Nf6 9. d3 a6 10. Bxc6+ bxc6 11. Bg5 Be7 12. Ne2 Rb8 13. b3 O-O 14. Nf4 e5 15. Nh5 Nxh5 16. Bxe7 Qxe7 17. Qxh5 f5 18. Qe2 Rbe8 19. Rfe1 Qc5 20. Qd2 f4 21. Rad1 f3 22. d4 exd4 23. g3 Qc3 24. Qxc3 dxc3 25. Rxe8 Rxe8 26. Rd3 d4 27. Rxd4 Re1+ 28. Kh2 Re2 29. Rc4 Rxf2+ 30. Kg1 Rxc2 31. Rxc6 Rc1+ 32. Kf2 c2 33. Rc8+ Kf7 34. Rc7+ Ke6 0-1


[Site "https://www.chess.com"]

[Event "Titled Tuesday Blitz December 27 Late 2022"]
[White "Can, Melih Kaan"]
[Black "Tatarinov, Dmitry"]
[WhiteFideId "6317383"]
[BlackFideId "24160067"]
[WhiteElo "2069"]
[BlackElo "2310"]
[Result "0-1"]
[Round "01"]
[TimeControl "180+2"]
[Date "2022.12.27"]
[WhiteClock "0:00:04"]
[BlackClock "0:01:49"]

1. d4 Nf6 2. c4 g6 3. Nc3 Bg7 4. e4 O-O 5. Nf3 c5 6. d5 d6 7. h3 Na6 8. Bd3 Rb8 9. O-O Nc7 10. a4 e6 11. Re1 a6 12. a5 b5 13. axb6 Rxb6 14. Qc2 exd5 15. exd5 Nd7 16. Bf4 Ne8 17. Re2 f6 18. Rae1 Ne5 19. Nh2 Bd7 20. Bc1 f5 21. f4 Nxd3 22. Qxd3 Nf6 23. Nf3 h6 24. Nh4 Kh7 25. Re7 Re8 26. Rxe8 Bxe8 27. Qe2 Rb7 28. Qf3 Bd7 29. Qg3 Be8 30. Nd1 Ne4 31. Rxe4 fxe4 32. f5 g5 33. Ng6 Bxg6 34. fxg6+ Kxg6 35. h4 Bd4+ 36. Kh1 Qf6 37. Ne3 Bxe3 38. Bxe3 Rxb2 39. hxg5 hxg5 40. Qg4 Rb1+ 41. Bg1 Qf5 42. Qg3 Qf4 43. Qh3 Qh4 44. Kh2 Qxh3+ 45. gxh3 Rxg1 46. Kxg1 a5 0-1


[Site "https://www.chess.com"]

[Event "Titled Tuesday Blitz December 27 Late 2022"]
[White "Chernomordik, Pavel"]
[Black "Gorodetzky, David"]
[WhiteFideId "2804530"]
[BlackFideId "2813416"]
[WhiteElo "2150"]
[BlackElo "2485"]
[Result "0-1"]
[Round "01"]
[TimeControl "180+2"]
[Date "2022.12.27"]
[WhiteClock "0:00:03"]
[BlackClock "0:01:25"]

1. e4 Nf6 2. Nc3 e6 3. d4 d5 4. Bg5 Bb4 5. e5 h6 6. Bh4 g5 7. Bg3 Ne4 8. Ne2 c5 9. a3 Bxc3+ 10. Nxc3 Nxg3 11. hxg3 a6 12. dxc5 Nc6 13. f4 b6 14. f5 bxc5 15. fxe6 Bxe6 16. Qf3 Nxe5 17. Qe3 Qc7 18. O-O-O d4 19. Qe4 Rb8 20. Nd5 Qd6 21. Nf6+ Ke7 22. Nh5 f5 23. Qe1 c4 24. Qf2 Rxb2 0-1


[Site "https://www.chess.com"]

[Event "Titled Tuesday Blitz December 27 Late 2022"]
[White "Darini, Pouria"]
[Black "Rengifo Blancas, Renzo Jhonathan"]
[WhiteFideId "12502200"]
[BlackFideId "3807185"]
[WhiteElo "2401"]
[BlackElo "2131"]
[Result "1-0"]
[Round "01"]
[TimeControl "180+2"]
[Date "2022.12.27"]
[WhiteClock "0:01:02"]
[BlackClock "0:00:01"]

1. c4 e6 2. Nf3 d5 3. g3 Nf6 4. Bg2 c5 5. cxd5 exd5 6. d4 Nc6 7. O-O Be7 8. dxc5 Bxc5 9. Nc3 O-O 10. Na4 Bb6 11. Nxb6 Qxb6 12. b3 Rd8 13. Bg5 Bg4 14. Bxf6 gxf6 15. Rc1 d4 16. Qd2 Ne5 17. Nxe5 fxe5 18. Qg5+ Qg6 19. Qxe5 Re8 20. Qxd4 Bxe2 21. Rfe1 Rad8 22. Qxa7 Ra8 23. Qxb7 Rxa2 24. Rc8 Rxc8 25. Qxc8+ Kg7 26. Qc3+ Kg8 27. b4 Rc2 28. Qd4 Qg7 29. Qd8+ Qf8 30. Qxf8+ Kxf8 31. Be4 Rb2 32. Bxh7 Bf3 33. Rb1 Rxb1+ 34. Bxb1 Be2 35. f4 Ke7 36. Kf2 Ba6 37. Ke3 Kd6 38. Bd3 Bc8 39. h4 Bg4 40. Kd4 Kc6 41. Ke5 Bh5 42. Kf6 Kb6 43. Bc4 Bg4 44. Bxf7 Kb5 45. h5 Bxh5 46. Bxh5 Kxb4 47. Ke5 Kc3 48. f5 1-0


[Site "https://www.chess.com"]

[Event "Titled Tuesday Blitz December 27 Late 2022"]
[White "De Oliveira, Gustavo Alfredo Bue"]
[Black "Barp, Alberto"]
[WhiteFideId "2171201"]
[BlackFideId "872555"]
[WhiteElo "2139"]
[BlackElo "2432"]
[Result "0-1"]
[Round "01"]
[TimeControl "180+2"]
[Date "2022.12.27"]
[WhiteClock "0:00:15"]
[BlackClock "0:00:11"]

1. Nf3 d5 2. b3 c6 3. Bb2 Nf6 4. e3 Bf5 5. Be2 h6 6. O-O Nbd7 7. Ne5 e6 8. f4 Be7 9. d3 Qb6 10. d4 O-O 11. Nd2 c5 12. c3 Rad8 13. Kh1 Bh7 14. Bf3 Ne8 15. Rg1 Nd6 16. g4 f6 17. Nxd7 Rxd7 18. h4 Qd8 19. Qe2 b6 20. Raf1 Ne4 21. Bxe4 dxe4 22. Rf2 Qa8 23. Rfg2 Qc6 24. Nf1 Bg6 25. Ng3 Rf7 26. f5 Bh7 27. Qc4 exf5 28. gxf5 b5 29. Qe6 Rd6 30. d5 Qc7 31. Nh5 Rxe6 32. dxe6 Rf8 33. Rxg7+ Kh8 34. c4 Qd8 35. cxb5 Bxf5 36. Nf4 Qe8 37. Kh2 h5 38. R7g3 Bg4 39. Nd5 Kh7 40. Rf1 f5 41. Rd1 Bxh4 42. Rxg4 fxg4 43. Rd2 Qxe6 44. Nf4 Rxf4 45. exf4 e3 46. Re2 Qe4 47. Bc1 Qxf4+ 48. Kg2 Qf3+ 49. Kg1 Qxe2 0-1


[Site "https://www.chess.com"]

[Event "Titled Tuesday Blitz December 27 Late 2022"]
[White "Defend, Balint"]
[Black "Ptacnikova, Lenka"]
[WhiteFideId "17004853"]
[BlackFideId "305650"]
[WhiteElo "1673"]
[BlackElo "2099"]
[Result "1-0"]
[Round "01"]
[TimeControl "180+2"]
[Date "2022.12.27"]
[WhiteClock "0:00:08"]
[BlackClock "0:00:01"]

1. e4 c5 2. Nf3 e6 3. c3 Nf6 4. e5 Nd5 5. d4 cxd4 6. cxd4 d6 7. Bc4 dxe5 8. dxe5 Nc6 9. Qe2 Na5 10. Bd3 Nb4 11. Bb5+ Bd7 12. O-O Bxb5 13. Qxb5+ Nac6 14. Nc3 a6 15. Qe2 Be7 16. Rd1 Nd5 17. Nxd5 exd5 18. Bf4 O-O 19. e6 Bf6 20. exf7+ Rxf7 21. Rab1 Qa5 22. a3 Re7 23. Qd3 Rd8 24. Bg5 Bxg5 25. Nxg5 g6 26. h4 Ne5 27. Qg3 Qb5 28. h5 Kg7 29. hxg6 hxg6 30. Qf4 Rf8 31. Qd4 Qc4 32. Qxd5 Qf4 33. Ne4 Ng4 34. Qd4+ Kh6 35. Ng3 Nxf2 36. Qxf4+ Rxf4 37. Rf1 Nd3 38. Rxf4 Nxf4 39. Rd1 Ne2+ 40. Kf2 Nxg3 41. Kxg3 Re2 42. Rb1 Re3+ 43. Kf2 Rb3 44. Ke2 a5 45. Kd2 Kg5 46. Kc2 1-0


[Site "https://www.chess.com"]

[Event "Titled Tuesday Blitz December 27 Late 2022"]
[White "Della Corte, Alessandro"]
[Black "Korchmar, Vasiliy"]
[WhiteFideId "813540"]
[BlackFideId "24131750"]
[WhiteElo "2160"]
[BlackElo "2438"]
[Result "1-0"]
[Round "01"]
[TimeControl "180+2"]
[Date "2022.12.27"]
[WhiteClock "0:00:21"]
[BlackClock "0:00:02"]

1. d4 Nf6 2. c4 c6 3. Nc3 d5 4. cxd5 cxd5 5. Nf3 Nc6 6. Bf4 Nh5 7. e3 Nxf4 8. exf4 g6 9. Bb5 Bg7 10. O-O O-O 11. Ne5 Nxe5 12. fxe5 f6 13. f4 fxe5 14. dxe5 Qb6+ 15. Kh1 Be6 16. Ba4 d4 17. Ne4 Rad8 18. Bb3 d3 19. Ng5 Bxb3 20. Qxb3+ Qxb3 21. axb3 Rd5 22. Rxa7 d2 23. Rd1 Rxf4 24. Nf3 Bxe5 25. Rxb7 Bxb2 26. Rxe7 Bc3 27. Kg1 Rb4 28. Re2 Rxb3 29. Nxd2 Rb2 30. Re8+ Kg7 31. Re7+ Kh6 32. h4 Rbxd2 33. Rxd2 Bxd2 34. g4 1-0


[Site "https://www.chess.com"]

[Event "Titled Tuesday Blitz December 27 Late 2022"]
[White "Desideri, Ricardo Maruchi"]
[Black "Pham, Khoi"]
[WhiteFideId "2110440"]
[BlackFideId "1054988"]
[WhiteElo "1959"]
[BlackElo "2355"]
[Result "0-1"]
[Round "01"]
[TimeControl "180+2"]
[Date "2022.12.27"]
[WhiteClock "0:00:03"]
[BlackClock "0:00:28"]

1. e4 c6 2. d4 d5 3. e5 c5 4. dxc5 e6 5. Be3 Nc6 6. Bb5 Bd7 7. Bxc6 Bxc6 8. f4 Ne7 9. Nf3 Nf5 10. Bf2 h5 11. c3 Bb5 12. a4 Bd7 13. b4 b6 14. cxb6 axb6 15. Nbd2 h4 16. O-O Be7 17. Nd4 Nxd4 18. Bxd4 h3 19. g3 f6 20. Nf3 Qc7 21. Qc2 Kf7 22. Nh4 f5 23. Nf3 Bxb4 24. Ng5+ Ke7 25. Rab1 Bc5 26. Qf2 Bxd4 27. cxd4 Rxa4 28. Rfc1 Rc4 29. Qb2 Rc8 30. Rxc4 Qxc4 31. Qxb6 Rc6 32. Qb4+ Qxb4 33. Rxb4 Rc1+ 34. Kf2 Rc2+ 35. Kg1 Rc4 36. Rxc4 dxc4 37. Nxh3 c3 0-1


[Site "https://www.chess.com"]

[Event "Titled Tuesday Blitz December 27 Late 2022"]
[White "Djokic, Mihailo"]
[Black "Weisz, Bryan"]
[WhiteFideId "976440"]
[BlackFideId "30934133"]
[WhiteElo "2192"]
[BlackElo "1973"]
[Result "1-0"]
[Round "01"]
[TimeControl "180+2"]
[Date "2022.12.27"]
[WhiteClock "0:00:44"]
[BlackClock "0:00:06"]

1. d4 Nf6 2. Nf3 g6 3. g3 Bg7 4. Bg2 O-O 5. O-O Nc6 6. d5 Na5 7. Re1 e6 8. e4 exd5 9. e5 Ne8 10. Qxd5 c6 11. Qd3 d5 12. b3 f6 13. Bb2 Bf5 14. Qd2 fxe5 15. Bxe5 Bxe5 16. Nxe5 Nd6 17. Nc3 Re8 18. Rad1 Qf6 19. Nxd5 cxd5 20. Qxd5+ Kg7 21. Qxa5 Bxc2 22. Qc7+ Re7 23. Qxc2 Rxe5 24. Qc7+ Nf7 25. Rxe5 Qxe5 26. Qxe5+ Nxe5 27. Bxb7 Rb8 28. Be4 Kf6 29. Rd6+ Ke7 30. Ra6 Nd7 31. Rxa7 Rc8 32. Kg2 Kd6 33. b4 Rc4 34. Ra6+ Kc7 35. Bd3 Rxb4 36. Ra7+ Kd6 37. a4 Nc5 38. Bb5 Rb2 39. Rxh7 Ne4 40. Rf7 Ke6 41. Rf3 Nd2 42. Re3+ Kd6 43. Re2 Kc5 44. Be8 Kb4 45. h4 Rc2 46. Bxg6 Rb2 47. h5 Kxa4 48. h6 Rb6 49. Rxd2 Rxg6 50. h7 Rh6 51. Rd7 Kb5 52. Rg7 Kc6 53. g4 Kd6 54. g5 Rh5 55. g6 Ke6 56. Rg8 Rg5+ 57. Kf1 Ra5 58. h8=Q Ra1+ 59. Qxa1 1-0


[Site "https://www.chess.com"]

[Event "Titled Tuesday Blitz December 27 Late 2022"]
[White "Estrada Nieto, Julian"]
[Black "Bazeev, German"]
[WhiteFideId "5101018"]
[BlackFideId "24119350"]
[WhiteElo "2215"]
[BlackElo "2369"]
[Result "1-0"]
[Round "01"]
[TimeControl "180+2"]
[Date "2022.12.27"]
[WhiteClock "0:00:17"]
[BlackClock "0:00:11"]

1. e4 c5 2. Nf3 Nf6 3. Nc3 Nc6 4. Bb5 e5 5. O-O d6 6. d3 Bg4 7. h3 Bh5 8. Bg5 Be7 9. Bxf6 Bxf6 10. Nd5 O-O 11. g4 Bg6 12. Nxf6+ Qxf6 13. Bxc6 bxc6 14. Nh2 c4 15. Qf3 Qxf3 16. Nxf3 cxd3 17. cxd3 Rab8 18. b3 f6 19. Rac1 c5 20. Nh4 Bf7 21. Nf5 Rb6 22. f4 Re8 23. Kg2 Ra6 24. fxe5 fxe5 25. Rf2 Be6 26. Rcf1 Bxf5 27. gxf5 Kf7 28. Kf3 Rb6 29. Ke3 Rb7 30. Rg2 Kf8 31. Rfg1 Rf7 32. h4 Ree7 33. Rg5 Rf6 34. Kd2 a5 35. Rc1 Rb7 36. Rc4 Rb4 37. Kc3 g6 38. a3 Rb5 39. Ra4 gxf5 40. exf5 d5 41. Rag4 Rf7 42. f6 Rxf6 43. Rxe5 Rd6 44. Rgg5 a4 45. bxa4 Ra5 46. Rxd5 Rxd5 47. Rxd5 Rxa4 48. Rxc5 Rxa3+ 49. Kd4 Ra4+ 50. Rc4 Ra5 51. Kc3 h5 52. d4 Ke7 53. Rc5 Ra3+ 54. Kc4 Kd6 55. Rd5+ Kc6 56. Rxh5 Ra4+ 57. Kd3 Kd6 58. Ke4 Ra1 59. Rh6+ Ke7 60. h5 Ra5 61. Rh7+ Kd6 62. h6 Rh5 63. Rh8 Rh4+ 64. Kd3 Kc7 65. Kc4 Kb7 66. h7 Rh1 67. Kc5 Rc1+ 68. Kd6 Rh1 69. d5 Rh6+ 70. Ke5 Rh5+ 71. Ke4 Rh4+ 72. Kf5 Rh5+ 73. Kg4 Rh1 74. d6 1-0


[Site "https://www.chess.com"]

[Event "Titled Tuesday Blitz December 27 Late 2022"]
[White "Federzoni, Enzo"]
[Black "Matinian, Nikita"]
[WhiteFideId "2173301"]
[BlackFideId "24129100"]
[WhiteElo "2133"]
[BlackElo "2407"]
[Result "0-1"]
[Round "01"]
[TimeControl "180+2"]
[Date "2022.12.27"]
[WhiteClock "0:00:57"]
[BlackClock "0:01:55"]

1. c4 e5 2. d3 f5 3. Nc3 Nf6 4. g3 Bb4 5. Bg2 O-O 6. Bd2 Nc6 7. Nf3 d6 8. O-O Bxc3 9. Bxc3 Qe8 10. b4 Qh5 11. b5 Nd8 12. e3 f4 13. exf4 exf4 14. Nd4 Bg4 15. Qb3 f3 16. Bh1 Nf7 17. Rfe1 Ng5 18. c5+ d5 19. Re7 Rae8 20. Rae1 Nh3+ 21. Kf1 Nxf2 22. Rxe8 Qh3+ 23. Kxf2 Qxh2+ 24. Ke3 Rxe8+ 25. Kf4 Qh6# 0-1


[Site "https://www.chess.com"]

[Event "Titled Tuesday Blitz December 27 Late 2022"]
[White "Feng, Eric"]
[Black "Szente Varga, Fruzsina"]
[WhiteFideId "30952590"]
[BlackFideId "712264"]
[WhiteElo "1951"]
[BlackElo "2075"]
[Result "1-0"]
[Round "01"]
[TimeControl "180+2"]
[Date "2022.12.27"]
[WhiteClock "0:00:38"]
[BlackClock "0:00:08"]

1. d4 Nf6 2. c4 g6 3. Nf3 Bg7 4. g3 O-O 5. Bg2 c6 6. O-O d5 7. Nbd2 Ne4 8. b3 f5 9. Bb2 c5 10. cxd5 Qxd5 11. Nxe4 fxe4 12. Nd2 Bf5 13. f3 e3 14. Nc4 Bxd4 15. f4 Qd7 16. Bxd4 cxd4 17. Ne5 Qd6 18. Bxb7 Nd7 19. Nc6 Bh3 20. Qxd4 Qxd4 21. Nxd4 Rad8 22. Bg2 Bxg2 23. Kxg2 e5 24. Ne6 exf4 25. Nxd8 Rxd8 26. Rxf4 Nb6 27. Re4 Nd5 28. Rd1 Nf4+ 29. gxf4 Rxd1 30. Rxe3 Rd2 31. Kf3 Rxa2 32. Re7 Ra3 33. Rb7 a5 34. Kg4 Ra2 35. e4 Rxh2 36. Kg5 Rf2 37. e5 Rf3 38. e6 Kf8 39. Rxh7 Ke8 40. Ra7 Rxb3 41. Kf6 Rb8 42. Rh7 Kd8 43. Rh8+ Kc7 44. Rxb8 Kxb8 45. e7 1-0


[Site "https://www.chess.com"]

[Event "Titled Tuesday Blitz December 27 Late 2022"]
[White "Fernandez Garcia, Gumersindo"]
[Black "Subelj, Jan"]
[WhiteFideId "24516740"]
[BlackFideId "14618583"]
[WhiteElo "2160"]
[BlackElo "2513"]
[Result "0-1"]
[Round "01"]
[TimeControl "180+2"]
[Date "2022.12.27"]
[WhiteClock "0:00:30"]
[BlackClock "0:01:46"]

1. d4 d5 2. c4 Nc6 3. Nc3 dxc4 4. e3 e5 5. d5 Na5 6. Nf3 Bd6 7. Nd2 Nf6 8. Nxc4 Nxc4 9. Bxc4 O-O 10. O-O e4 11. h3 Qe7 12. Ne2 Qe5 13. Ng3 h5 14. f4 exf3 15. Rxf3 h4 16. Nf1 Ne4 17. Bd2 Qxb2 18. Be1 Ng5 19. Rf2 Qe5 20. Rf4 Bc5 21. Bf2 g6 22. Rxh4 Ne4 23. Qf3 Nxf2 24. Qxf2 Qxa1 25. Qg3 Bd6 26. Qg5 Qe5 27. Qh6 Qg7 28. Qg5 Re8 29. Bb3 Be7 0-1


[Site "https://www.chess.com"]

[Event "Titled Tuesday Blitz December 27 Late 2022"]
[White "Fernandez, Maria Florencia"]
[Black "Kavutskiy, Konstantin"]
[WhiteFideId "116459"]
[BlackFideId "2026384"]
[WhiteElo "2129"]
[BlackElo "2414"]
[Result "0-1"]
[Round "01"]
[TimeControl "180+2"]
[Date "2022.12.27"]
[WhiteClock "0:00:16"]
[BlackClock "0:01:18"]

1. d4 Nf6 2. c4 g6 3. Nc3 Bg7 4. e4 d6 5. Be2 O-O 6. Be3 Na6 7. g4 c5 8. d5 e6 9. h4 exd5 10. cxd5 Re8 11. f3 h5 12. g5 Nd7 13. Qd2 Ne5 14. O-O-O Bd7 15. Nh3 b5 16. Nxb5 Qb6 17. Nc3 Rab8 18. Nf2 Nc7 19. f4 Ng4 20. Nxg4 Bxg4 21. Bxg4 hxg4 22. h5 Nb5 23. Nxb5 Qxb5 24. e5 dxe5 25. h6 exf4 26. hxg7 Qc4+ 27. Qc3 Qxc3+ 28. bxc3 fxe3 29. Rh8+ Kxg7 30. Rxe8 Rxe8 31. d6 Rd8 32. Rd3 e2 33. Kd2 f5 34. gxf6+ Kxf6 35. Kxe2 Ke6 36. Ke3 Rxd6 37. Rxd6+ Kxd6 38. Kf4 Kd5 39. Kxg4 Kc4 40. Kg5 Kxc3 41. Kxg6 Kb2 42. Kf5 c4 43. Ke4 c3 44. a3 c2 0-1


[Site "https://www.chess.com"]

[Event "Titled Tuesday Blitz December 27 Late 2022"]
[White "Firouzja, Alireza"]
[Black "Mortazavi, Ali"]
[WhiteFideId "12573981"]
[BlackFideId "401323"]
[WhiteElo "2785"]
[BlackElo "2333"]
[Result "1-0"]
[Round "01"]
[TimeControl "180+2"]
[Date "2022.12.27"]
[WhiteClock "0:01:52"]
[BlackClock "0:00:02"]

1. e4 c5 2. Nf3 e6 3. d4 cxd4 4. Nxd4 a6 5. Nc3 Qc7 6. Be2 Nf6 7. O-O Bb4 8. Bf3 Nc6 9. Nxc6 dxc6 10. Be3 Be7 11. Na4 Nd7 12. c4 b5 13. Nc3 Ne5 14. Be2 Nxc4 15. Bxc4 bxc4 16. Qe2 a5 17. Rfd1 O-O 18. Qxc4 Ba6 19. Qa4 Rab8 20. Qc2 Bd6 21. h3 Be5 22. Rac1 Rb4 23. Bc5 Re8 24. Bxb4 axb4 25. Na4 Bb5 26. Nc5 Qe7 27. a4 bxa3 28. bxa3 Bd6 29. Rxd6 Qxd6 30. a4 Be2 31. Qxe2 1-0


[Site "https://www.chess.com"]

[Event "Titled Tuesday Blitz December 27 Late 2022"]
[White "Floresvillar Gonzalez, Luis Migu"]
[Black "gshwbedhkhd"]
[WhiteFideId "5100542"]
[WhiteElo "2043"]
[BlackElo "2538"]
[Result "0-1"]
[Round "01"]
[TimeControl "180+2"]
[Date "2022.12.27"]
[WhiteClock "0:00:55"]
[BlackClock "0:01:49"]

1. d4 f5 2. e4 fxe4 3. Nc3 Nf6 4. Bg5 g6 5. Bc4 c6 6. Bb3 d5 7. f3 Bf5 8. fxe4 Nxe4 9. Nxe4 Bxe4 10. Qe2 Bg7 11. O-O-O Nd7 12. Nf3 Qb6 13. Kb1 O-O-O 14. Bxe7 Rde8 15. Ba3 Bxf3 16. Qxf3 Bxd4 17. Rhf1 Bc5 18. Bxc5 Qxc5 19. Qh3 Re7 20. c3 Rhe8 21. a3 Kb8 22. Ka2 Nb6 23. Rd2 Nc4 24. Bxc4 Qxc4+ 0-1


[Site "https://www.chess.com"]

[Event "Titled Tuesday Blitz December 27 Late 2022"]
[White "Forgacs, Attila Jr."]
[Black "Mekhitarian, Krikor Sevag"]
[WhiteFideId "773654"]
[BlackFideId "2107660"]
[WhiteElo "2264"]
[BlackElo "2537"]
[Result "0-1"]
[Round "01"]
[TimeControl "180+2"]
[Date "2022.12.27"]
[WhiteClock "0:00:04"]
[BlackClock "0:00:07"]

1. e4 c5 2. d3 Nc6 3. g3 g6 4. Bg2 Bg7 5. f4 e6 6. Nf3 Nge7 7. O-O O-O 8. e5 d6 9. exd6 Nf5 10. Nc3 Qxd6 11. Ne4 Qe7 12. g4 Nfd4 13. c3 Nb5 14. Be3 b6 15. Qe1 Bb7 16. f5 exf5 17. gxf5 gxf5 18. Ng3 Nd6 19. Bf4 Qxe1 20. Raxe1 Rad8 21. Bxd6 Rxd6 22. Nxf5 Rxd3 23. Ng5 Bf6 24. Nh6+ Kg7 25. Nf5+ Kh8 26. Ne4 Be5 27. Ng5 f6 28. Ne6 Re8 29. Nf4 Rdd8 30. Nh5 Rg8 31. Kh1 Rxg2 32. Kxg2 Nd4+ 33. Kh3 Nxf5 34. Rxf5 Bc8 35. Rf1 Rd2 36. Kh4 Rxh2+ 37. Kg4 Rxb2 38. Nf4 Bxf5+ 39. Kxf5 Bxf4 40. Rxf4 Kg7 41. Rg4+ Kf7 42. Rh4 Rf2+ 43. Ke4 Rxa2 44. Rxh7+ Ke6 45. Rc7 Ra4+ 46. Kd3 Kd6 47. Rf7 Ke5 48. Re7+ Kd5 49. Rf7 Ke6 50. Rc7 f5 51. Rc6+ Ke5 52. Rc8 f4 53. Re8+ Kd5 54. Rf8 Kc6 55. Rf6+ Kb5 56. Rf5 a5 57. Rf6 Rc4 58. Rf5 a4 59. Rf8 a3 60. Ra8 Ra4 61. Rf8 a2 62. c4+ Rxc4 63. Ra8 Ra4 64. Kc2 Rxa8 65. Kb3 a1=Q 66. Kc2 Ra2+ 67. Kb3 Qb2# 0-1


[Site "https://www.chess.com"]

[Event "Titled Tuesday Blitz December 27 Late 2022"]
[White "Freile Martin, Javier"]
[Black "Kourkoulos-Arditis, Stamatis"]
[WhiteFideId "3600165"]
[BlackFideId "4221990"]
[WhiteElo "2329"]
[BlackElo "2539"]
[Result "1-0"]
[Round "01"]
[TimeControl "180+2"]
[Date "2022.12.27"]
[WhiteClock "0:00:09"]
[BlackClock "0:00:04"]

1. c4 Nf6 2. Nc3 c5 3. Nf3 Nc6 4. e3 e6 5. d4 d5 6. a3 a6 7. cxd5 exd5 8. Be2 c4 9. O-O b5 10. Ne5 Bb7 11. f4 Be7 12. Bd2 O-O 13. Rf3 Ne4 14. Nxe4 dxe4 15. Rh3 f6 16. Nxc4 Nxd4 17. exd4 bxc4 18. Bxc4+ Bd5 19. Ba5 Qd7 20. b3 g6 21. Qe2 Kg7 22. Qe3 f5 23. Qc3 Rfc8 24. Rg3 Bf6 25. Rd1 Qd6 26. Bb4 Qxf4 27. Rf1 Qh4 28. Rxf5 Bxc4 29. bxc4 e3 30. Rxf6 Qxf6 31. Rxe3 Re8 32. Rf3 Qh4 33. g3 Qe4 34. d5+ Kg8 35. Kg2 Ra7 36. d6 Rf7 37. Qd3 Qe2+ 38. Qxe2 Rxe2+ 39. Kf1 Rxf3+ 40. Kxe2 Rb3 41. c5 Kf7 42. c6 Ke6 43. d7 Rb2+ 44. Kd3 Rb3+ 45. Kc4 1-0


[Site "https://www.chess.com"]

[Event "Titled Tuesday Blitz December 27 Late 2022"]
[White "Gahan, M G"]
[Black "Foisor, Sabina-Francesca"]
[WhiteFideId "5027373"]
[BlackFideId "1212915"]
[WhiteElo "2247"]
[BlackElo "2185"]
[Result "1-0"]
[Round "01"]
[TimeControl "180+2"]
[Date "2022.12.27"]
[WhiteClock "0:01:13"]
[BlackClock "0:00:05"]

1. e4 c6 2. d4 d5 3. e5 Bf5 4. Be3 e6 5. c3 Ne7 6. g4 Be4 7. f3 Bg6 8. Ne2 h5 9. Nf4 hxg4 10. Nxg6 Nxg6 11. fxg4 Be7 12. Bd3 Bh4+ 13. Ke2 Bg5 14. Bxg6 Bxe3 15. Bxf7+ Kxf7 16. Kxe3 Qg5+ 17. Kf2 Nd7 18. Nd2 Raf8 19. Kg2 Ke7 20. Qe2 Rf4 21. h3 c5 22. Raf1 cxd4 23. cxd4 Rhf8 24. Rxf4 Qxf4 25. Nf3 Rc8 26. Rd1 a6 27. Qd2 Qxd2+ 28. Rxd2 b5 29. b3 Rc1 30. Kg3 Nb8 31. Kf4 Nc6 32. Kg5 Rf1 33. Nh4 Kf7 34. Ng2 Rf3 35. Nf4 Ne7 36. Rc2 Rf1 37. Rc7 Ke8 38. Nxe6 Rh1 39. Nxg7+ Kd8 40. Ne6+ Ke8 41. h4 Rf1 42. Ra7 Rf7 43. Nc7+ Kd7 44. Nxd5+ Ke6 45. Rxe7+ Rxe7 46. Nxe7 Kxe7 47. d5 1-0


[Site "https://www.chess.com"]

[Event "Titled Tuesday Blitz December 27 Late 2022"]
[White "Garcia Cuenca, Victor"]
[Black "Samsonkin, Artiom"]
[WhiteFideId "2250829"]
[BlackFideId "13503111"]
[WhiteElo "2324"]
[BlackElo "2420"]
[Result "0-1"]
[Round "01"]
[TimeControl "180+2"]
[Date "2022.12.27"]
[WhiteClock "0:00:01"]
[BlackClock "0:00:11"]

1. d4 Nf6 2. Nf3 e6 3. g3 b5 4. Bg2 Bb7 5. O-O c5 6. dxc5 Bxc5 7. Nbd2 O-O 8. c4 a6 9. a3 bxc4 10. Nxc4 d5 11. Nce5 a5 12. Nd4 Qb6 13. e3 Nbd7 14. Nxd7 Nxd7 15. Rb1 Ba6 16. Re1 Ne5 17. Bf1 Bxf1 18. Kxf1 Rfc8 19. Kg2 Qb7 20. Bd2 Nc4 21. Bc3 e5 22. Nf5 d4+ 23. Kg1 dxc3 24. Qg4 g6 25. bxc3 Qc6 26. Nh6+ Kg7 27. Qxc4 Kxh6 28. Qxf7 Rf8 29. Qc4 Kg7 30. Rb2 Rac8 31. Reb1 Rc7 32. Qg4 Bxa3 33. Rb6 Qxc3 34. h4 Qc4 35. Qg5 Be7 36. Qxe5+ Bf6 37. Qxa5 Rcf7 38. Rb7 Be7 39. Qe5+ Bf6 40. Rxf7+ Rxf7 41. Qe6 Qxe6 0-1


[Site "https://www.chess.com"]

[Event "Titled Tuesday Blitz December 27 Late 2022"]
[White "Gasanov, Eldar"]
[Black "Sreyas Payyappat"]
[WhiteFideId "14104466"]
[BlackFideId "46674969"]
[WhiteElo "2481"]
[BlackElo "2076"]
[Result "0-1"]
[Round "01"]
[TimeControl "180+2"]
[Date "2022.12.27"]
[WhiteClock "0:00:15"]
[BlackClock "0:00:10"]

1. d4 Nf6 2. Nf3 c5 3. d5 e6 4. c4 exd5 5. cxd5 d6 6. e4 g6 7. Bd3 Bg7 8. h3 O-O 9. O-O c4 10. Bc2 b5 11. Re1 Nbd7 12. Nd4 Qb6 13. Be3 Nc5 14. a4 b4 15. a5 Qc7 16. Nd2 b3 17. Bb1 Ba6 18. Qc1 Rac8 19. Nc6 Bb5 20. Bxc5 dxc5 21. Nxc4 Bxc6 22. dxc6 Qxc6 23. e5 Nd5 24. Be4 Qe6 25. Nd6 Rc7 26. Nb5 Rb7 27. Qxc5 Rc8 28. Qxd5 Qxd5 29. Bxd5 Rxb5 30. Rad1 Kf8 31. e6 fxe6 32. Bxe6 Re8 33. Rd7 Rf5 34. Rxa7 Bxb2 35. Rc7 Rf6 36. a6 Bd4 37. Rd1 Bxf2+ 38. Kh2 Rfxe6 39. a7 Ra6 40. Rf1 Rf6 41. Rb7 Bg3+ 42. Kg1 Rxf1+ 43. Kxf1 Ra8 44. Rxb3 Be5 45. Rb5 Bd6 46. Rb6 Ke7 47. Rb7+ Ke6 48. Rxh7 Be5 49. Ke2 Bd4 50. Kd3 Bxa7 51. Ke4 Kf6 52. h4 Bb6 53. g4 Ra4+ 54. Kf3 Ra3+ 55. Ke4 Ra4+ 56. Kf3 Bc5 57. h5 g5 58. Rh8 Rf4+ 59. Kg3 Kg7 60. Re8 Bd6 61. Kh3 Rf3+ 62. Kg2 Rg3+ 63. Kf2 Rxg4 64. Re6 Rf4+ 65. Ke2 Rf6 66. h6+ Kf7 67. h7 Rxe6+ 68. Kf3 Rh6 0-1


[Site "https://www.chess.com"]

[Event "Titled Tuesday Blitz December 27 Late 2022"]
[White "Gascon Del Nogal, Jose Rafael"]
[Black "Joubert, Dantelle"]
[WhiteFideId "3902463"]
[BlackFideId "14310813"]
[WhiteElo "2459"]
[BlackElo "1566"]
[Result "1-0"]
[Round "01"]
[TimeControl "180+2"]
[Date "2022.12.27"]
[WhiteClock "0:00:35"]
[BlackClock "0:00:01"]

1. e4 e5 2. Nf3 Nc6 3. Bc4 Bc5 4. O-O Nf6 5. d4 Bxd4 6. Nxd4 Nxd4 7. Bg5 d6 8. f4 Be6 9. fxe5 dxe5 10. Bxf6 gxf6 11. Nd2 Rg8 12. c3 Bxc4 13. Nxc4 Ne6 14. Qa4+ Qd7 15. Qxd7+ Kxd7 16. Rxf6 Ke7 17. Rf5 f6 18. Raf1 Rg6 19. Ne3 c6 20. Rh5 Rh8 21. Nf5+ Kd7 22. Nh4 Rg5 23. Rxg5 fxg5 24. Nf3 Kd6 25. Rd1+ Kc7 26. Nxe5 Rd8 27. Rxd8 Kxd8 28. Kf2 Ke7 29. Ke3 Kf6 30. Nc4 1-0


[Site "https://www.chess.com"]

[Event "Titled Tuesday Blitz December 27 Late 2022"]
[White "Gerbelli Neto, Eduardo"]
[Black "Tsvetkov, Andrey"]
[WhiteFideId "2103281"]
[BlackFideId "34139360"]
[WhiteElo "2114"]
[BlackElo "2408"]
[Result "1-0"]
[Round "01"]
[TimeControl "180+2"]
[Date "2022.12.27"]
[WhiteClock "0:00:29"]
[BlackClock "0:00:04"]

1. e4 c5 2. Nc3 d6 3. f4 Nc6 4. Nf3 g6 5. Bb5 Bd7 6. O-O Bg7 7. d3 Nd4 8. Nxd4 cxd4 9. Bxd7+ Qxd7 10. Ne2 Rc8 11. Bd2 Nf6 12. c3 dxc3 13. Bxc3 O-O 14. Ng3 b5 15. a3 Qb7 16. Qd2 Rfd8 17. f5 d5 18. fxg6 hxg6 19. e5 d4 20. Ba5 Ng4 21. Bxd8 Ne3 22. Qf2 Rxd8 23. Qxf7+ Kh8 24. Ne4 Nxf1 25. Rxf1 Qc6 26. e6 Rf8 27. Qxg6 Rxf1+ 28. Kxf1 Qc1+ 29. Kf2 Qe3+ 30. Kf1 Qxd3+ 31. Kf2 Qe3+ 32. Kf1 Qd3+ 33. Kf2 Qe3+ 34. Kf1 Qc1+ 35. Kf2 Qxb2+ 36. Kg3 Qxa3+ 37. Kg4 Qc1 38. Qe8+ Kh7 39. Ng5+ 1-0


[Site "https://www.chess.com"]